 Dungeon Crawl Stone Soup version 0.28.0-53-g5a82cb258f (webtiles) character file.

Game seed: 4770084910809972562

192 Martska the Grasshopper (level 6, -2/47 HPs)
             Began as a Human Warper on June 24, 2022.
             Slain by a ball python (3 damage)
             ... on level 3 of the Dungeon.
             The game lasted 00:09:52 (4933 turns).

Martska the Grasshopper (Human Warper)              Turns: 4933, Time: 00:09:53

Health: -2/47      AC:  3    Str: 13    XL:     6   Next: 2%
Magic:  18/18      EV:  7    Int: 14    God:
Gold:   165        SH:  7    Dex: 12    Spells: 10/10 levels left

rFire   . . .      SeeInvis .   a - +0 spear
rCold   . . .      Faith    .   j - +0 kite shield
rNeg    . . .      Spirit   .   b - +0 leather armour
rPois   .          Reflect  .   (no helmet)
rElec   .          Harm     .   (no cloak)
rCorr   .          Rampage  .   (no gloves)
Will    .....                   (no boots)
Stlth   +.........              (no amulet)
HPRegen 0.15/turn               n - ring of magical power
MPRegen 0.16/turn               (no ring)

@: constricted
A: no striking features
a: no special abilities


You were on level 3 of the Dungeon.
You visited 1 branch of the dungeon, and saw 4 of its levels.

You collected 165 gold pieces.

Inventory:

Hand Weapons
 a - a +0 spear (weapon)
Missiles
 d - 5 boomerangs of dispersal (quivered)
Armour
 b - a +0 leather armour (worn)
 j - a +0 kite shield (worn)
 q - a +0 cloak
Jewellery
 n - a ring of magical power (left hand)
Scrolls
 g - a scroll of teleportation
 h - 2 scrolls of identify {unknown}
 l - a scroll of magic mapping {unknown}
 m - a scroll of brand weapon {unknown}
 o - a scroll of enchant armour {unknown}
 p - a scroll of silence {unknown}
 r - a scroll of immolation {unknown}
Potions
 c - 3 potions of curing {unknown}
 f - a potion of heal wounds {unknown}
 i - a potion of mutation {unknown}
 k - a potion of degeneration {unknown}


   Skills:
 * Level 3.1 Fighting
 * Level 3.1 Polearms
 - Level 1.0 Throwing
 - Level 1.6 Armour
 * Level 3.0 Dodging
 * Level 1.5 Shields
 - Level 2.5 Spellcasting
 - Level 3.3 Translocations


You had 10 spell levels left.
You didn't know any spells.
Your spell library contained the following spells:

 Spells                   Type           Power      Damage    Failure   Level
 Blink                    Tloc           22%        N/A       36%         2
 Gell's Gravitas          Tloc           11%        N/A       58%         3
 Lesser Beckoning         Tloc           11%        N/A       58%         3
 Teleport Other           Tloc           11%        N/A       58%         3
 Foxfire                  Conj/Fire      4%         2x1d4     67%         1
 Portal Projectile        Hex/Tloc       12%        N/A       82%         3
 Call Canine Familiar     Summ           1%         N/A       96%         3
 Conjure Flame            Conj/Fire      1%         6-21      96%         3
 Inner Flame              Hex/Fire       1%         N/A       96%         3
 Animate Armour           Summ/Erth      2%         N/A       100%        4
 Flame Wave               Conj/Fire      1%         2d4       100%        4
 Leda's Liquefaction      Hex/Erth       0%         N/A       100%        4
 Blade Hands              Tmut           0%         N/A       100%        5
 Manifold Assault         Tloc           11%        N/A       100%        5
 Iron Shot                Conj/Erth      0%         9d1       100%        6


Dungeon Overview and Level Annotations

Branches:
Dungeon (4/15)
 Temple: D:4-7

Altars:

Shops:
D:2 [


Message History

You hear some strange, mumbled words.
A puff of flame appears from out of thin air!
The puff of flame hits you.
You miss something. Something hits you.
You barely miss something. Something hits you.
You hit something. Something hits you but does no damage.
You closely miss something. Something hits you but does no damage.
Something hits you.
You closely miss something. Something hits you.
You hit something. Something hits you but does no damage.
You barely miss something. Something hits you.
You barely miss something.
The ball python hisses angrily.
Something hits you.
* * * LOW HITPOINT WARNING * * *
You miss something.
You hear some strange, mumbled words.
A puff of flame appears from out of thin air!
You block the puff of flame. The ball python bites you.
* * * LOW HITPOINT WARNING * * *
The ball python grabs you. The ball python constricts you.
* * * LOW HITPOINT WARNING * * *
You hear some strange, mumbled words.
A magic dart appears from out of thin air!
The magic dart hits you.
* * * LOW HITPOINT WARNING * * *
You hit something. The ball python bites you.
* * * LOW HITPOINT WARNING * * *
The ball python constricts you. Something hits you.
* * * LOW HITPOINT WARNING * * *
You miss something. The ball python bites you.
* * * LOW HITPOINT WARNING * * *
The ball python constricts you.
* * * LOW HITPOINT WARNING * * *
Something hits you.
* * * LOW HITPOINT WARNING * * *
You barely miss something. The ball python closely misses you.
The ball python constricts you. You block something's attack.
You hit something. The ball python bites you.
You die...

#.##...# #.##...###
#.##...#.# ########
#......#.# #.....[.
#####....###.######
#####†##.#...#....#
#...#..#.#........#
#.#S...#.#.........
#.@#...#.......###.
##{#.....#.....# #.
#...oo#.#.#'#.###.
#.....o.....#.....
#...#######.#####.
########...).............
#...................#####
###.#....#...########
#<#.##.##.##


You could see a ball python.

Vanquished Creatures
  Crazy Yiuf (D:2)
  2 orc wizards (D:4)
  4 adders
  2 worms
  3 dart slugs
  2 orcs (D:4)
  5 endoplasms
  4 giant cockroaches
  4 goblins
  3 hobgoblins
  2 jackals (D:2)
  2 quokkas
  8 ball pythons
  8 bats
  6 frilled lizards
  7 kobolds
  6 rats
69 creatures vanquished.

Notes
Turn   | Place    | Note
-------+----------+-------------------------------------------
     0 | D:1      | Martska the Human Warper began the quest for the Orb.
     0 | D:1      | Reached XP level 1. HP: 16/16 MP: 3/3
   123 | D:1      | Reached XP level 2. HP: 15/22 MP: 5/5
   774 | D:1      | Reached XP level 3. HP: 27/27 MP: 6/6
  1607 | D:2      | Found a faded altar of an unknown god.
  1621 | D:2      | Found Gobuatep's Antique Armour Shoppe.
  1666 | D:2      | Reached XP level 4. HP: 8/34 MP: 7/7
  2472 | D:2      | You fall into a shaft and drop 1 floor!
  3334 | D:3      | Reached XP level 5. HP: 37/39 MP: 8/8
  3651 | D:2      | Found a runed translucent door.
  3652 | D:2      | Noticed Crazy Yiuf
  3661 | D:2      | Killed Crazy Yiuf
  3662 | D:2      | Reached skill level 1 in Shields
  4647 | D:4      | Reached XP level 6. HP: 9/47 MP: 9/9
  4931 | D:3      | HP: 2/47 [constriction (1)]
  4933 | D:3      | Slain by a ball python

Illustrated notes

Levels and vault maps discovered:
D:1:      lightli_arrival_windingriver, layout_loops_corners
D:2:      layout_loops_cross, hellmonk_ecumenical_altar_lost_god, serial_shops,
          nicolae_shop_waterfront, minivault_14, minmay_diced_spiral,
          uniq_crazy_yiuf_cottage
D:3:      kb_forest_paths, layout_basic, lemuel_tele_altar,
          minmay_close_crescents
D:4:      layout_loops_ring, tso_altar, kennysheep_vampire_church,
          grunt_temple_overflow_diamond

Skill      XL: |  1  2  3  4  5 |
---------------+----------------+-----
Shields        | 1 |  1.5
Polearms       | 3 |  3.1
Fighting       | 3 |  3.1
Dodging        | 3 |  3.0
Throwing       | |  1.0
Armour         | |  1.6
Spellcasting   | |  2.5
Translocations | |  3.3

Action                   |  1- 3 |  4- 6 || total
-------------------------+-------+-------++-------
Melee: Spear             |   144 |   225 ||   369
       Punch             |     2 |     1 ||     3
  Use: Scroll            |     1 |     2 ||     3
 Stab: Sleeping          |       |     1 ||     1
Armor: Leather armour    |    38 |    38 ||    76
Dodge: Dodged            |    93 |    72 ||   165
Block: Kite shield       |       |    55 ||    55
